cohdb
Replays
Latest Replays
All Replays
Popular Replays
Top Player Replays
Match Explorer
How It Works
Community
CoH3 Stats
Reddit
Sign in to upload your games and track your stats! →
Sign in with Steam
Match 44632190
Unlisted
Match 44632190
Overview
Messages
Build Orders
End
Scout Squad
Selects Airborne Battlegroup
Selects Heavy Machine Gun Paradrop
Heavy Machine Gun Paradrop
Engineer Squad
Construct Weapon Support Center
Bazooka Squad
Infantry Support Center
Selects Paratrooper Squad Paradrop
Paratrooper Squad Paradrop
M3 Armored Personnel Carrier
M3 Armored Personnel Carrier
Selects Recon Loiter
Selects Supply Drop
Paratrooper Squad Paradrop
Construct Tank Depot
Recon Loiter
M4(105) Sherman Bulldozer
direavenger09
crunchylime
十三将士归玉门
99Frankenland99
Kaiser
King Raptor
SHELDONATOR
Raksus
0
0
Comments
sign in to comment!
No comments posted yet!